[ PARTIDA AOE2 · #483330894 ]
UnrankedMagiares vs Malians
[ ANÁLISIS DE REPETICIÓN · EXTRAÍDO DE LA PARTIDA GRABADA ]
Feudal
9:46
Castillos
20:19
Imperial
38:07
| APM promedio | 25.1 |
| APM pico | 57 |
| eAPM promedio | 14.1 |
| Aldeanos / militares | 106 / 90 |
Foco
⚔️ 29.3% · 🌾 70.7%
Knight ×66 · Cavalry Archer ×12 · Monk ×5 · Trebuchet (Packed) ×4 · Scout Cavalry ×3
Feudal
10:53
Castillos
20:49
Imperial
—
| APM promedio | 30.4 |
| APM pico | 72 |
| eAPM promedio | 12.8 |
| Aldeanos / militares | 58 / 69 |
Foco
⚔️ 39.7% · 🌾 60.3%
Skirmisher ×52 · Mangonel ×7 · Spearman ×6 · Battering Ram ×3 · Militia ×1
Feudal
9:23
Castillos
21:28
Imperial
39:45
| APM promedio | 52.4 |
| APM pico | 97 |
| eAPM promedio | 24.6 |
| Aldeanos / militares | 169 / 97 |
Foco
⚔️ 31.2% · 🌾 68.8%
Archer ×76 · Iron Pagoda ×9 · Scout Cavalry ×5 · Trebuchet (Packed) ×5 · Battering Ram ×2
Feudal
11:44
Castillos
21:16
Imperial
34:01
| APM promedio | 28.3 |
| APM pico | 64 |
| eAPM promedio | 17.1 |
| Aldeanos / militares | 105 / 140 |
Foco
⚔️ 36.5% · 🌾 63.5%
Spearman ×107 · Ballista Elephant ×19 · Trebuchet (Packed) ×6 · Battle Elephant ×5 · Scout Cavalry ×2 · Monk ×1
Mapa de la partida
Recursos iniciales + cada clic de construcción. Líneas = muros · curvas = relieve. ◆ oro · ⬟ piedra · ● bayas · ✦ reliquia · ◌ hueco del cierre
Tu base· Abierta — el rival se encerró
Base de smelly the great· ✓ Cerrada en 20:49 · 54t muro · 1 puerta(s)
Base de TTV_eclocodoco· Abierta — el rival se encerró
Base de nate the great· ✓ Cerrada en 21:16 · 71t muro · 1 puerta(s)
Terreno inicial suavizado · ◌ = hueco del cierre detectado · pasá el cursor para detalles
Inputs por minuto
— -Vg- GameOver - - - smelly the great
Build order — -Vg- GameOver -
Primeras 150 de 337 acciones detectadas
| 0:04 | Crear | Villager (Male) |
| 0:06 | Construir | House |
| 0:11 | Construir | House |
| 0:13 | Crear | Villager (Male) |
| 0:13 | Crear | Villager (Male) |
| 0:13 | Crear | Villager (Male) |
| 1:33 | Crear | Villager (Male) |
| 2:05 | Crear | Villager (Male) |
| 2:24 | Crear | Villager (Male) |
| 2:54 | Crear | Villager (Male) |
| 3:20 | Crear | Villager (Male) |
| 3:27 | Construir | Lumber Camp |
| 3:48 | Crear | Villager (Male) |
| 3:55 | Construir | House |
| 4:03 | Construir | House |
| 4:19 | Crear | Villager (Male) |
| 4:39 | Crear | Villager (Male) |
| 4:39 | Crear | Villager (Male) |
| 5:02 | Construir | Mill |
| 5:05 | Crear | Villager (Male) |
| 5:28 | Crear | Villager (Male) |
| 5:33 | Construir | House |
| 5:47 | Crear | Villager (Male) |
| 5:47 | Crear | Villager (Male) |
| 5:51 | Investigar | Loom |
| 6:55 | Construir | Mining Camp |
| 7:36 | Investigar | Feudal Age |
| 8:10 | Construir | Barracks |
| 8:17 | Crear | Villager (Male) |
| 8:17 | Crear | Villager (Male) |
| 8:36 | Construir | Palisade Wall |
| 8:44 | Construir | Palisade Gate |
| 9:46 | Edad | Edad Feudal |
| 9:48 | Construir | Stable |
| 9:55 | Construir | House |
| 10:02 | Construir | Palisade Wall |
| 10:10 | Investigar | Double-Bit Axe |
| 10:14 | Investigar | Horse Collar |
| 10:23 | Crear | Villager (Male) |
| 10:23 | Crear | Villager (Male) |
| 10:42 | Construir | Palisade Wall |
| 10:48 | Crear | Scout Cavalry |
| 11:04 | Construir | House |
| 11:22 | Construir | Farm |
| 11:30 | Crear | Scout Cavalry |
| 11:46 | Construir | Farm |
| 11:50 | Construir | Farm |
| 11:51 | Crear | Villager (Male) |
| 12:21 | Construir | Farm |
| 12:25 | Construir | Farm |
| 12:27 | Crear | Scout Cavalry |
| 12:38 | Crear | Villager (Male) |
| 12:54 | Construir | Blacksmith |
| 13:01 | Construir | Farm |
| 13:03 | Crear | Villager (Male) |
| 13:03 | Crear | Villager (Male) |
| 13:45 | Construir | Farm |
| 13:52 | Construir | House |
| 13:57 | Investigar | Scale Barding Armor |
| 14:13 | Construir | Market |
| 14:19 | Construir | Palisade Gate |
| 14:30 | Construir | Farm |
| 15:09 | Construir | Lumber Camp |
| 15:17 | Construir | Farm |
| 15:19 | Construir | Farm |
| 15:39 | Construir | Farm |
| 15:50 | Construir | Farm |
| 16:04 | Construir | House |
| 16:13 | Construir | House |
| 16:43 | Construir | House |
| 17:13 | Construir | Farm |
| 17:34 | Construir | Palisade Wall |
| 17:36 | Construir | Palisade Wall |
| 17:39 | Investigar | Castle Age |
| 17:51 | Construir | Stable |
| 18:13 | Construir | Farm |
| 18:17 | Investigar | Bloodlines |
| 18:54 | Investigar | Gold Mining |
| 19:25 | Investigar | Wheelbarrow |
| 19:49 | Construir | Lumber Camp |
| 20:19 | Edad | Edad de los Castillos |
| 20:24 | Construir | Town Center |
| 20:26 | Crear | Knight |
| 20:26 | Crear | Knight |
| 20:37 | Crear | Villager (Male) |
| 20:37 | Crear | Villager (Male) |
| 20:48 | Investigar | Bow Saw |
| 21:02 | Crear | Knight |
| 21:03 | Crear | Knight |
| 21:41 | Crear | Knight |
| 21:42 | Crear | Knight |
| 21:51 | Crear | Villager (Male) |
| 21:52 | Crear | Villager (Male) |
| 21:59 | Construir | Lumber Camp |
| 22:23 | Construir | Farm |
| 22:30 | Crear | Knight |
| 22:30 | Crear | Knight |
| 22:36 | Crear | Villager (Male) |
| 22:36 | Crear | Villager (Male) |
| 23:06 | Construir | Farm |
| 23:08 | Crear | Villager (Male) |
| 23:08 | Crear | Villager (Male) |
| 23:09 | Crear | Villager (Male) |
| 23:09 | Crear | Villager (Male) |
| 23:32 | Investigar | Husbandry |
| 23:56 | Crear | Villager (Male) |
| 23:56 | Crear | Villager (Male) |
| 24:11 | Crear | Knight |
| 24:11 | Crear | Knight |
| 24:47 | Construir | Monastery |
| 25:12 | Crear | Knight |
| 25:13 | Crear | Knight |
| 25:14 | Crear | Villager (Male) |
| 25:14 | Crear | Villager (Male) |
| 25:21 | Crear | Monk |
| 25:21 | Crear | Monk |
| 25:34 | Construir | Farm |
| 25:36 | Construir | Farm |
| 25:37 | Crear | Villager (Male) |
| 25:37 | Crear | Villager (Male) |
| 25:45 | Construir | House |
| 25:47 | Construir | House |
| 26:02 | Crear | Monk |
| 26:12 | Construir | House |
| 26:18 | Construir | Palisade Gate |
| 26:23 | Construir | Palisade Wall |
| 26:28 | Crear | Knight |
| 26:28 | Crear | Knight |
| 26:31 | Crear | Villager (Male) |
| 26:31 | Crear | Villager (Male) |
| 26:32 | Crear | Villager (Male) |
| 26:32 | Crear | Villager (Male) |
| 26:32 | Crear | Villager (Male) |
| 26:33 | Crear | Villager (Male) |
| 26:33 | Crear | Villager (Male) |
| 26:33 | Crear | Villager (Male) |
| 26:33 | Crear | Villager (Male) |
| 26:34 | Crear | Villager (Male) |
| 27:09 | Crear | Knight |
| 27:09 | Crear | Knight |
| 27:23 | Construir | Lumber Camp |
| 27:37 | Construir | Lumber Camp |
| 27:46 | Investigar | Heavy Plow |
| 28:17 | Construir | Palisade Wall |
| 28:21 | Crear | Knight |
| 28:21 | Crear | Knight |
| 28:29 | Construir | House |
| 28:31 | Construir | House |
| 28:32 | Construir | House |
| 28:36 | Crear | Knight |
Build order — smelly the great
Primeras 150 de 223 acciones detectadas
| 0:04 | Construir | House |
| 0:05 | Crear | Villager (Male) |
| 0:05 | Crear | Villager (Male) |
| 0:05 | Crear | Villager (Male) |
| 0:07 | Construir | House |
| 0:11 | Crear | Villager (Male) |
| 0:11 | Crear | Villager (Male) |
| 1:24 | Crear | Villager (Male) |
| 2:06 | Crear | Villager (Male) |
| 2:08 | Crear | Villager (Male) |
| 2:17 | Construir | Lumber Camp |
| 2:43 | Crear | Villager (Male) |
| 2:58 | Crear | Villager (Male) |
| 3:48 | Crear | Villager (Male) |
| 3:48 | Crear | Villager (Male) |
| 3:58 | Construir | House |
| 4:14 | Crear | Villager (Male) |
| 4:37 | Construir | House |
| 4:51 | Construir | Mill |
| 5:16 | Crear | Villager (Male) |
| 5:17 | Crear | Villager (Male) |
| 5:36 | Crear | Villager (Male) |
| 6:03 | Crear | Villager (Male) |
| 6:39 | Construir | Palisade Wall |
| 6:42 | Construir | Palisade Wall |
| 7:03 | Crear | Villager (Male) |
| 7:15 | Crear | Villager (Male) |
| 7:47 | Crear | Villager (Male) |
| 7:55 | Construir | Palisade Wall |
| 8:07 | Construir | Palisade Wall |
| 8:14 | Investigar | Loom |
| 8:28 | Construir | House |
| 8:29 | Construir | House |
| 8:42 | Investigar | Feudal Age |
| 8:57 | Construir | Palisade Wall |
| 9:03 | Crear | Villager (Male) |
| 9:23 | Construir | Palisade Gate |
| 9:37 | Construir | Palisade Wall |
| 9:45 | Construir | Barracks |
| 9:49 | Construir | Mill |
| 10:34 | Crear | Villager (Male) |
| 10:53 | Edad | Edad Feudal |
| 11:01 | Crear | Spearman |
| 11:01 | Crear | Spearman |
| 11:10 | Construir | Archery Range |
| 11:14 | Crear | Villager (Male) |
| 11:46 | Crear | Spearman |
| 11:46 | Crear | Spearman |
| 11:59 | Crear | Villager (Male) |
| 12:22 | Construir | Stone Wall |
| 12:28 | Crear | Militia |
| 12:29 | Crear | Spearman |
| 12:33 | Crear | Spearman |
| 12:35 | Crear | Villager (Male) |
| 13:14 | Construir | Mining Camp |
| 13:23 | Crear | Villager (Male) |
| 13:43 | Construir | Stone Wall |
| 13:54 | Construir | Blacksmith |
| 13:55 | Construir | House |
| 14:09 | Crear | Villager (Male) |
| 14:31 | Construir | House |
| 14:47 | Construir | Lumber Camp |
| 14:58 | Construir | Farm |
| 15:03 | Construir | Farm |
| 15:26 | Construir | Farm |
| 16:00 | Construir | Watch Tower |
| 16:03 | Crear | Villager (Male) |
| 16:10 | Construir | Farm |
| 16:24 | Construir | Market |
| 16:26 | Construir | House |
| 16:50 | Construir | Mining Camp |
| 16:58 | Crear | Villager (Male) |
| 17:01 | Construir | Farm |
| 18:09 | Investigar | Castle Age |
| 18:34 | Investigar | Double-Bit Axe |
| 18:59 | Investigar | Horse Collar |
| 19:00 | Investigar | Horse Collar |
| 19:21 | Construir | Farm |
| 19:21 | Construir | Farm |
| 19:21 | Construir | Farm |
| 19:21 | Construir | Farm |
| 19:22 | Construir | Farm |
| 19:23 | Construir | Farm |
| 19:28 | Construir | Farm |
| 19:49 | Crear | Skirmisher |
| 19:49 | Crear | Skirmisher |
| 19:49 | Crear | Skirmisher |
| 19:53 | Crear | Skirmisher |
| 20:38 | Investigar | Scale Mail Armor |
| 20:44 | Investigar | Fletching |
| 20:49 | Edad | Edad de los Castillos |
| 20:56 | Construir | Siege Workshop |
| 21:00 | Crear | Villager (Male) |
| 21:06 | Construir | Farm |
| 21:08 | Construir | Farm |
| 21:25 | Crear | Battering Ram |
| 21:33 | Construir | Farm |
| 21:36 | Crear | Villager (Male) |
| 21:36 | Crear | Villager (Male) |
| 21:37 | Crear | Villager (Male) |
| 21:43 | Crear | Battering Ram |
| 21:46 | Construir | House |
| 21:54 | Construir | House |
| 22:08 | Construir | Farm |
| 22:09 | Crear | Villager (Male) |
| 22:36 | Investigar | Pikeman (upgrade) |
| 22:55 | Crear | Villager (Male) |
| 22:55 | Crear | Villager (Male) |
| 22:58 | Crear | Villager (Male) |
| 23:38 | Crear | Skirmisher |
| 23:38 | Crear | Skirmisher |
| 23:39 | Crear | Skirmisher |
| 23:59 | Crear | Villager (Male) |
| 23:59 | Crear | Villager (Male) |
| 24:06 | Construir | Stone Wall |
| 24:22 | Construir | Gate |
| 24:33 | Construir | Stone Wall |
| 24:37 | Crear | Villager (Male) |
| 24:37 | Crear | Villager (Male) |
| 24:43 | Construir | Mining Camp |
| 25:28 | Investigar | Padded Archer Armor |
| 25:42 | Crear | Skirmisher |
| 25:43 | Crear | Skirmisher |
| 25:43 | Crear | Skirmisher |
| 25:47 | Crear | Villager (Male) |
| 25:47 | Crear | Villager (Male) |
| 25:47 | Crear | Villager (Male) |
| 25:55 | Construir | Farm |
| 25:57 | Construir | Farm |
| 26:30 | Crear | Mangonel |
| 26:33 | Crear | Skirmisher |
| 26:38 | Construir | Archery Range |
| 26:52 | Construir | University |
| 27:12 | Crear | Villager (Male) |
| 27:39 | Construir | Watch Tower |
| 27:50 | Investigar | Elite Skirmisher (upgrade) |
| 27:53 | Crear | Skirmisher |
| 27:53 | Crear | Skirmisher |
| 28:25 | Construir | Watch Tower |
| 28:51 | Construir | House |
| 29:12 | Construir | Lumber Camp |
| 29:19 | Crear | Skirmisher |
| 29:19 | Crear | Skirmisher |
| 29:19 | Crear | Skirmisher |
| 29:20 | Crear | Skirmisher |
| 29:20 | Crear | Skirmisher |
| 29:20 | Crear | Skirmisher |
| 29:58 | Crear | Villager (Male) |
| 29:58 | Crear | Villager (Male) |
| 29:59 | Crear | Villager (Male) |
Build order — TTV_eclocodoco
Primeras 150 de 458 acciones detectadas
| 0:01 | Crear | Villager (Male) |
| 0:02 | Construir | House |
| 0:03 | Construir | House |
| 0:09 | Crear | Villager (Male) |
| 0:09 | Crear | Villager (Male) |
| 0:09 | Crear | Villager (Male) |
| 1:27 | Crear | Villager (Male) |
| 1:27 | Crear | Villager (Male) |
| 1:50 | Construir | Lumber Camp |
| 2:00 | Crear | Villager (Male) |
| 2:00 | Crear | Villager (Male) |
| 2:15 | Crear | Villager (Male) |
| 2:15 | Crear | Villager (Male) |
| 2:47 | Crear | Villager (Male) |
| 2:47 | Crear | Villager (Male) |
| 3:02 | Crear | Villager (Male) |
| 3:02 | Crear | Villager (Male) |
| 3:29 | Construir | House |
| 3:31 | Construir | Palisade Wall |
| 3:33 | Crear | Villager (Male) |
| 3:33 | Crear | Villager (Male) |
| 4:10 | Crear | Villager (Male) |
| 4:10 | Crear | Villager (Male) |
| 4:10 | Crear | Villager (Male) |
| 4:17 | Construir | Mill |
| 4:56 | Crear | Villager (Male) |
| 4:57 | Crear | Villager (Male) |
| 4:57 | Crear | Villager (Male) |
| 4:57 | Crear | Villager (Male) |
| 5:42 | Crear | Villager (Male) |
| 5:42 | Investigar | Loom |
| 6:48 | Crear | Villager (Male) |
| 7:04 | Investigar | Feudal Age |
| 7:04 | Investigar | Feudal Age |
| 7:38 | Construir | Barracks |
| 8:23 | Crear | Villager (Male) |
| 9:23 | Edad | Edad Feudal |
| 9:27 | Construir | Stable |
| 9:33 | Construir | House |
| 9:35 | Construir | House |
| 9:36 | Construir | House |
| 9:37 | Crear | Villager (Male) |
| 9:39 | Investigar | Double-Bit Axe |
| 9:39 | Investigar | Double-Bit Axe |
| 9:54 | Construir | Mill |
| 10:16 | Crear | Scout Cavalry |
| 10:17 | Crear | Scout Cavalry |
| 10:31 | Crear | Villager (Male) |
| 10:47 | Crear | Scout Cavalry |
| 10:47 | Crear | Scout Cavalry |
| 11:04 | Construir | Mining Camp |
| 11:27 | Crear | Villager (Male) |
| 11:30 | Construir | Farm |
| 11:32 | Construir | Farm |
| 11:35 | Construir | Farm |
| 11:49 | Crear | Villager (Male) |
| 11:58 | Construir | Farm |
| 12:02 | Construir | Farm |
| 12:03 | Construir | Farm |
| 12:15 | Crear | Villager (Male) |
| 12:16 | Crear | Villager (Male) |
| 12:38 | Construir | Farm |
| 12:46 | Crear | Villager (Male) |
| 12:46 | Crear | Villager (Male) |
| 12:57 | Construir | Watch Tower |
| 13:00 | Crear | Villager (Male) |
| 13:02 | Construir | Farm |
| 13:16 | Crear | Villager (Male) |
| 13:28 | Construir | Farm |
| 13:30 | Construir | Farm |
| 13:33 | Construir | Farm |
| 13:59 | Crear | Villager (Male) |
| 14:09 | Construir | Blacksmith |
| 14:19 | Crear | Villager (Male) |
| 14:29 | Construir | Palisade Wall |
| 14:29 | Construir | Palisade Wall |
| 14:30 | Construir | Palisade Wall |
| 14:30 | Construir | Palisade Wall |
| 14:34 | Crear | Villager (Male) |
| 14:44 | Construir | Mining Camp |
| 15:00 | Crear | Villager (Male) |
| 15:07 | Investigar | Forging |
| 15:09 | Investigar | Fletching |
| 15:09 | Investigar | Fletching |
| 15:19 | Construir | House |
| 15:22 | Construir | House |
| 15:23 | Construir | House |
| 15:25 | Construir | House |
| 15:26 | Construir | House |
| 15:45 | Crear | Villager (Male) |
| 15:55 | Construir | Watch Tower |
| 16:04 | Crear | Villager (Male) |
| 16:19 | Crear | Scout Cavalry |
| 16:28 | Crear | Villager (Male) |
| 16:52 | Crear | Villager (Male) |
| 17:07 | Construir | Palisade Wall |
| 17:08 | Construir | Palisade Wall |
| 17:09 | Construir | Palisade Wall |
| 17:30 | Construir | Watch Tower |
| 17:32 | Crear | Villager (Male) |
| 17:49 | Crear | Villager (Male) |
| 17:54 | Construir | Market |
| 18:16 | Construir | Archery Range |
| 18:48 | Investigar | Castle Age |
| 18:49 | Investigar | Castle Age |
| 19:01 | Investigar | Horse Collar |
| 19:01 | Investigar | Horse Collar |
| 19:12 | Construir | Palisade Wall |
| 19:13 | Construir | Palisade Wall |
| 19:17 | Construir | Palisade Wall |
| 19:19 | Construir | Palisade Wall |
| 19:21 | Construir | Palisade Wall |
| 19:24 | Crear | Villager (Male) |
| 19:36 | Crear | Villager (Male) |
| 19:39 | Crear | Archer |
| 19:39 | Crear | Archer |
| 20:07 | Construir | Archery Range |
| 20:12 | Crear | Archer |
| 20:26 | Crear | Villager (Male) |
| 20:43 | Construir | Lumber Camp |
| 20:48 | Crear | Archer |
| 21:02 | Crear | Archer |
| 21:02 | Crear | Archer |
| 21:28 | Edad | Edad de los Castillos |
| 21:40 | Construir | House |
| 21:42 | Construir | House |
| 21:44 | Construir | House |
| 21:53 | Construir | Town Center |
| 21:55 | Crear | Villager (Male) |
| 22:02 | Construir | Palisade Gate |
| 22:11 | Investigar | Bodkin Arrow |
| 22:11 | Investigar | Bodkin Arrow |
| 22:37 | Construir | Farm |
| 22:42 | Crear | Archer |
| 22:43 | Crear | Archer |
| 22:56 | Construir | Farm |
| 22:59 | Construir | Farm |
| 23:27 | Crear | Villager (Male) |
| 23:27 | Crear | Villager (Male) |
| 23:29 | Construir | Farm |
| 23:44 | Construir | Palisade Wall |
| 23:46 | Construir | Palisade Wall |
| 23:48 | Crear | Villager (Male) |
| 24:01 | Investigar | Crossbowman (upgrade) |
| 24:01 | Investigar | Crossbowman (upgrade) |
| 24:13 | Construir | Town Center |
| 24:13 | Crear | Villager (Male) |
| 24:14 | Crear | Villager (Male) |
| 24:15 | Crear | Archer |
| 24:15 | Crear | Archer |
Build order — nate the great
Primeras 150 de 393 acciones detectadas
| 0:03 | Construir | House |
| 0:05 | Construir | House |
| 0:06 | Crear | Villager (Male) |
| 0:06 | Crear | Villager (Male) |
| 0:06 | Crear | Villager (Male) |
| 0:07 | Crear | Villager (Male) |
| 0:07 | Crear | Villager (Male) |
| 1:30 | Crear | Villager (Male) |
| 1:30 | Crear | Villager (Male) |
| 1:54 | Crear | Villager (Male) |
| 2:20 | Crear | Villager (Male) |
| 2:38 | Construir | Lumber Camp |
| 3:00 | Crear | Villager (Male) |
| 3:01 | Crear | Villager (Male) |
| 3:18 | Crear | Villager (Male) |
| 3:19 | Crear | Villager (Male) |
| 3:28 | Construir | House |
| 3:28 | Construir | House |
| 3:39 | Crear | Villager (Male) |
| 4:13 | Crear | Villager (Male) |
| 4:22 | Construir | Mill |
| 4:43 | Construir | Palisade Wall |
| 4:49 | Construir | Palisade Wall |
| 4:56 | Crear | Villager (Male) |
| 4:56 | Crear | Villager (Male) |
| 5:09 | Crear | Villager (Male) |
| 5:30 | Crear | Villager (Male) |
| 5:30 | Crear | Villager (Male) |
| 6:12 | Crear | Villager (Male) |
| 6:12 | Crear | Villager (Male) |
| 6:13 | Crear | Villager (Male) |
| 6:25 | Crear | Villager (Male) |
| 6:26 | Crear | Villager (Male) |
| 6:44 | Construir | Palisade Wall |
| 7:22 | Construir | Palisade Wall |
| 7:54 | Crear | Villager (Male) |
| 7:54 | Crear | Villager (Male) |
| 7:54 | Crear | Villager (Male) |
| 9:05 | Construir | Palisade Wall |
| 9:34 | Investigar | Feudal Age |
| 9:50 | Construir | Barracks |
| 10:05 | Construir | House |
| 10:06 | Construir | House |
| 10:18 | Construir | Palisade Wall |
| 10:30 | Construir | Palisade Gate |
| 10:38 | Construir | House |
| 10:50 | Construir | Mining Camp |
| 10:58 | Crear | Villager (Male) |
| 10:58 | Crear | Villager (Male) |
| 10:58 | Crear | Villager (Male) |
| 11:00 | Investigar | Loom |
| 11:04 | Crear | Villager (Male) |
| 11:04 | Crear | Villager (Male) |
| 11:05 | Crear | Villager (Male) |
| 11:10 | Construir | House |
| 11:11 | Construir | House |
| 11:44 | Edad | Edad Feudal |
| 12:07 | Crear | Spearman |
| 12:36 | Crear | Spearman |
| 12:50 | Investigar | Double-Bit Axe |
| 13:21 | Investigar | Horse Collar |
| 13:25 | Construir | Farm |
| 13:26 | Crear | Villager (Male) |
| 13:26 | Crear | Villager (Male) |
| 13:27 | Crear | Villager (Male) |
| 13:53 | Construir | Stable |
| 14:05 | Construir | Farm |
| 14:23 | Construir | Farm |
| 14:24 | Construir | Farm |
| 14:40 | Construir | Mining Camp |
| 14:51 | Construir | Farm |
| 15:01 | Construir | Farm |
| 15:09 | Construir | Farm |
| 15:20 | Construir | Farm |
| 15:21 | Crear | Villager (Male) |
| 15:29 | Construir | Farm |
| 15:39 | Construir | Farm |
| 16:16 | Construir | Market |
| 16:32 | Crear | Villager (Male) |
| 16:32 | Crear | Villager (Male) |
| 16:33 | Investigar | Wheelbarrow |
| 16:58 | Construir | Blacksmith |
| 17:04 | Crear | Spearman |
| 17:45 | Construir | Farm |
| 17:50 | Construir | Farm |
| 18:36 | Investigar | Castle Age |
| 19:02 | Crear | Scout Cavalry |
| 19:02 | Crear | Scout Cavalry |
| 19:21 | Investigar | Forging |
| 19:21 | Investigar | Forging |
| 19:28 | Construir | Farm |
| 19:29 | Construir | Farm |
| 19:30 | Construir | Farm |
| 19:32 | Construir | Farm |
| 19:58 | Investigar | Bloodlines |
| 20:16 | Investigar | Gold Mining |
| 20:40 | Investigar | Stone Mining |
| 21:16 | Edad | Edad de los Castillos |
| 21:18 | Construir | Town Center |
| 21:21 | Investigar | Bow Saw |
| 21:36 | Investigar | Light Cavalry (upgrade) |
| 22:20 | Crear | Battle Elephant |
| 22:21 | Crear | Battle Elephant |
| 22:24 | Construir | House |
| 22:25 | Construir | House |
| 22:39 | Construir | House |
| 22:40 | Construir | House |
| 22:56 | Construir | House |
| 23:03 | Construir | Castle |
| 23:05 | Crear | Villager (Male) |
| 23:05 | Crear | Villager (Male) |
| 23:05 | Crear | Villager (Male) |
| 23:06 | Crear | Villager (Male) |
| 23:06 | Crear | Villager (Male) |
| 23:15 | Crear | Battle Elephant |
| 23:24 | Construir | Monastery |
| 23:34 | Construir | House |
| 23:38 | Construir | Palisade Wall |
| 24:19 | Crear | Villager (Male) |
| 24:19 | Crear | Villager (Male) |
| 24:24 | Crear | Monk |
| 24:31 | Crear | Villager (Male) |
| 24:32 | Crear | Villager (Male) |
| 24:32 | Crear | Villager (Male) |
| 24:53 | Crear | Battle Elephant |
| 24:54 | Crear | Battle Elephant |
| 25:06 | Construir | Lumber Camp |
| 25:18 | Crear | Spearman |
| 25:18 | Crear | Spearman |
| 25:19 | Crear | Spearman |
| 25:22 | Crear | Villager (Male) |
| 25:22 | Crear | Villager (Male) |
| 25:41 | Construir | Gate |
| 25:48 | Investigar | Husbandry |
| 25:55 | Crear | Villager (Male) |
| 25:55 | Crear | Villager (Male) |
| 26:17 | Construir | Farm |
| 26:18 | Crear | Villager (Male) |
| 26:19 | Investigar | Town Watch |
| 26:24 | Construir | Farm |
| 26:50 | Construir | Farm |
| 26:55 | Crear | Villager (Male) |
| 26:55 | Crear | Villager (Male) |
| 26:55 | Crear | Villager (Male) |
| 26:56 | Crear | Villager (Male) |
| 26:59 | Construir | House |
| 27:00 | Construir | House |
| 27:10 | Investigar | Pikeman (upgrade) |
| 27:10 | Investigar | Pikeman (upgrade) |
| 27:22 | Crear | Villager (Male) |
Cronología de la partida
| 3:31 | TTV_eclocodoco · wall_segment Palisade Wall x1 |
| 4:43 | nate the great · wall_segment Palisade Wall x16 |
| 4:49 | nate the great · wall_segment Palisade Wall x1 |
| 6:39 | smelly the great · wall_segment Palisade Wall x9 |
| 6:42 | smelly the great · wall_segment Palisade Wall x5 |
| 6:44 | nate the great · wall_segment Palisade Wall x12 |
| 7:22 | nate the great · wall_segment Palisade Wall x14 |
| 7:38 | TTV_eclocodoco · first_building Barracks |
| 7:55 | smelly the great · wall_segment Palisade Wall x10 |
| 8:07 | smelly the great · wall_segment Palisade Wall x1 |
| 8:10 | -Vg- GameOver - · first_building Barracks |
| 8:36 | -Vg- GameOver - · wall_segment Palisade Wall x5 |
| 8:57 | smelly the great · wall_segment Palisade Wall x7 |
| 9:05 | nate the great · wall_segment Palisade Wall x14 |
| 9:23 | TTV_eclocodoco · age_up feudal |
| 9:27 | TTV_eclocodoco · first_building Stable |
| 9:37 | smelly the great · wall_segment Palisade Wall x10 |
| 9:45 | smelly the great · first_building Barracks |
| 9:46 | -Vg- GameOver - · age_up feudal |
| 9:48 | -Vg- GameOver - · first_building Stable |
| 9:50 | nate the great · first_building Barracks |
| 10:02 | -Vg- GameOver - · wall_segment Palisade Wall x5 |
| 10:18 | nate the great · wall_segment Palisade Wall x14 |
| 10:42 | -Vg- GameOver - · wall_segment Palisade Wall x1 |
| 10:53 | smelly the great · age_up feudal |
| 11:10 | smelly the great · first_building Archery Range |
| 11:44 | nate the great · age_up feudal |
| 12:22 | smelly the great · wall_segment Stone Wall x10 |
| 13:43 | smelly the great · wall_segment Stone Wall x2 |
| 13:53 | nate the great · first_building Stable |
| 14:29 | TTV_eclocodoco · wall_segment Palisade Wall x1 |
| 14:29 | TTV_eclocodoco · wall_segment Palisade Wall x1 |
| 14:30 | TTV_eclocodoco · wall_segment Palisade Wall x1 |
| 14:30 | TTV_eclocodoco · wall_segment Palisade Wall x1 |
| 17:07 | TTV_eclocodoco · wall_segment Palisade Wall x1 |
| 17:08 | TTV_eclocodoco · wall_segment Palisade Wall x1 |
| 17:09 | TTV_eclocodoco · wall_segment Palisade Wall x1 |
| 17:31 | smelly the great · first_market_sell 100 wood |
| 17:34 | -Vg- GameOver - · wall_segment Palisade Wall x1 |
| 17:36 | -Vg- GameOver - · wall_segment Palisade Wall x1 |
| 18:00 | smelly the great · first_market_buy 100 food |
| 18:07 | nate the great · first_market_buy 100 food |
| 18:12 | nate the great · first_market_sell 100 wood |
| 18:16 | TTV_eclocodoco · first_building Archery Range |
| 19:12 | TTV_eclocodoco · wall_segment Palisade Wall x1 |
| 19:13 | TTV_eclocodoco · wall_segment Palisade Wall x1 |
| 19:17 | TTV_eclocodoco · wall_segment Palisade Wall x1 |
| 19:19 | TTV_eclocodoco · wall_segment Palisade Wall x1 |
| 19:21 | TTV_eclocodoco · wall_segment Palisade Wall x1 |
| 20:19 | -Vg- GameOver - · age_up castle |
| 20:49 | smelly the great · age_up castle |
| 20:56 | smelly the great · first_building Siege Workshop |
| 21:16 | nate the great · age_up castle |
| 21:25 | TTV_eclocodoco · first_market_sell 100 food |
| 21:27 | TTV_eclocodoco · first_market_buy 100 wood |
| 21:28 | TTV_eclocodoco · age_up castle |
| 23:03 | nate the great · first_building Castle |
| 23:24 | nate the great · first_building Monastery |
| 23:38 | nate the great · wall_segment Palisade Wall x2 |
| 23:44 | TTV_eclocodoco · wall_segment Palisade Wall x1 |
| 23:46 | TTV_eclocodoco · wall_segment Palisade Wall x1 |
| 24:06 | smelly the great · wall_segment Stone Wall x1 |
| 24:22 | TTV_eclocodoco · wall_segment Palisade Wall x1 |
| 24:24 | TTV_eclocodoco · wall_segment Palisade Wall x1 |
| 24:33 | smelly the great · wall_segment Stone Wall x3 |
| 24:47 | -Vg- GameOver - · first_building Monastery |
| 26:23 | -Vg- GameOver - · wall_segment Palisade Wall x1 |
| 26:43 | TTV_eclocodoco · first_building Siege Workshop |
| 28:17 | -Vg- GameOver - · wall_segment Palisade Wall x6 |
| 28:25 | nate the great · wall_segment Palisade Wall x4 |
| 29:59 | TTV_eclocodoco · first_building Monastery |
| 30:26 | -Vg- GameOver - · wall_segment Palisade Wall x1 |
| 31:11 | nate the great · tribute_sent a jugador 1 |
| 31:11 | nate the great · tribute_sent a jugador 2 |
| 31:11 | nate the great · tribute_sent a jugador 4 |
| 33:22 | nate the great · wall_segment Palisade Wall x1 |
| 33:31 | nate the great · wall_segment Palisade Wall x1 |
| 34:01 | TTV_eclocodoco · first_building Castle |
| 34:01 | nate the great · age_up imperial |
| 34:31 | -Vg- GameOver - · first_building Castle |
| 34:58 | nate the great · tribute_sent a jugador 1 |
| 34:58 | nate the great · tribute_sent a jugador 2 |
| 34:58 | nate the great · tribute_sent a jugador 4 |
| 36:06 | nate the great · tribute_sent a jugador 1 |
| 36:06 | nate the great · tribute_sent a jugador 2 |
| 36:06 | nate the great · tribute_sent a jugador 4 |
| 38:07 | -Vg- GameOver - · age_up imperial |
| 39:24 | -Vg- GameOver - · first_building Archery Range |
| 39:45 | TTV_eclocodoco · age_up imperial |
| 45:04 | nate the great · tribute_sent a jugador 1 |
| 45:04 | nate the great · tribute_sent a jugador 2 |
| 45:04 | nate the great · tribute_sent a jugador 4 |
| 45:06 | smelly the great · resign |
[ ANÁLISIS IA · 1 CRÉDITO ]
¿Qué pasó realmente en esta partida?
Wolo.gg analiza cada decisión: build order, eco, micro, errores típicos por bracket. Análisis personalizado por WhatsApp o Discord en 30 segundos.
Guía civ
Magiares
Perfil
TTV_eCNazgul